 Dungeon Crawl Stone Soup version 0.25.1-2-g60ff931df9 (webtiles) character file.

Game seed: 2271347853447718566

9650 Kaiern the Cleaver (level 11, -3/99 HPs)
             Began as a Minotaur Berserker on Aug 15, 2020.
             Was a High Priest of Trog.
             Slain by an orc warrior
             ... wielding a +0 glaive
              (19 damage)
             ... on level 9 of the Dungeon.
             The game lasted 00:48:28 (9718 turns).

Kaiern the Cleaver (Minotaur Berserker)             Turns: 9718, Time: 00:48:29

Health: -3/99      AC: 10    Str: 31    XL:     11   Next: 25%
Magic:  1/1        EV: 12    Int:  4    God:    Trog [*****.]
Gold:   377        SH: 13    Dex: 16    Spells: 10/10 levels left

rFire    . . .     SeeInvis +   k - +3 broad axe (flame)
rCold    + + .     Gourm    .   b - +1 kite shield {reflect}
rNeg     . . .     Faith    .   p - +0 ring mail
rPois    +         Spirit   .   O - +1 hat {MR+}
rElec    .         Reflect  +   (no cloak)
rCorr    .         Harm     .   h - +0 pair of gloves
MR       +....                  r - +0 pair of boots
Stlth    ++........             (no amulet)
HPRegen  0.26/turn              u - ring of Uskayaw's Esteem {+Fly rPois MP-9 SInv Stlth+}
MPRegen  0.07/turn              y - ring of the Postmodern Wishes {rC++ Str+6 Dex+6 Slay-3}

@: no status effects
A: retaliatory headbutt, horns 2
a: Berserk, Trog's Hand, Brothers in Arms, Renounce Religion, Evoke Flight


You were on level 9 of the Dungeon.
You worshipped Trog.
Trog was extremely pleased with you.
You were not hungry.

You visited 2 branches of the dungeon, and saw 10 of its levels.
You also visited: Ossuary.

You collected 527 gold pieces.
You spent 150 gold pieces at shops.

Inventory:

Hand Weapons
 k - a +3 broad axe of flaming (weapon)
 v - a +2 hand axe of venom
 N - a +3 war axe of flaming
Missiles
 g - 14 boomerangs (quivered)
 l - 26 sling bullets
 Q - 6 javelins
Armour
 b - a +1 kite shield of reflection (worn)
 h - a +0 pair of gloves (worn)
 p - a +0 ring mail (worn)
 r - a +0 pair of boots (worn)
 G - a +2 leather armour of poison resistance
 O - a +1 hat of magic resistance (worn)
Jewellery
 d - a cursed ring of attention {unknown}
 u - the ring of Uskayaw's Esteem (left hand) {+Fly rPois MP-9 SInv Stlth+}
   (You bought it in a shop on level 5 of the Dungeon)

   [ring of flight]

   It protects you from poison.
   It affects your magic capacity (-9).
   It lets you see invisible.
   It lets you fly.
   It makes you more stealthy.
 y - the ring of the Postmodern Wishes (right hand) {rC++ Str+6 Dex+6 Slay-3}
   (You found it on level 6 of the Dungeon)

   [ring of dexterity]

   It affects your strength (+6).
   It affects your dexterity (+6).
   It affects your accuracy and damage with ranged weapons and melee attacks
   (-3).
   It greatly protects you from cold.
 K - a +4 ring of evasion {unknown}
Wands
 f - a wand of iceblast (6)
 x - a wand of digging (7)
 H - a wand of clouds (5)
 I - a wand of flame (31)
Scrolls
 a - a scroll of enchant weapon
 i - 3 scrolls of blinking
 j - 7 scrolls of remove curse
 s - a scroll of enchant armour
 t - 6 scrolls of teleportation
 J - 2 scrolls of identify
 L - a scroll of fear
 M - a scroll of amnesia {unknown}
 P - a scroll of random uselessness {unknown}
Potions
 e - 5 potions of haste
 m - 3 potions of brilliance
 n - 2 potions of flight {unknown}
 o - 3 potions of curing
 q - a potion of cancellation {unknown}
 w - 2 potions of heal wounds {unknown}
 z - a potion of mutation {unknown}
 A - 3 potions of resistance
 B - 3 potions of lignification
 C - 2 potions of stabbing {unknown}
 D - 2 potions of invisibility {unknown}
 E - 2 potions of berserk rage {unknown}
 F - 2 potions of might {unknown}
Comestibles
 c - 7 rations
 R - 2 chunks of flesh


   Skills:
 + Level 10.0 Fighting
 + Level 14.4 Axes
 + Level 4.1 Throwing
 - Level 7.0 Armour
 - Level 3.5 Dodging
 - Level 8.0 Shields


You had 10 spell levels left.
You didn't know any spells.
Your spell library was empty.

Dungeon Overview and Level Annotations

Branches:
Dungeon (9/15)             Temple (1/1) D:4         Ossuary (visited)
   Lair: D:8-11         Orc: D:9-12

Altars:
Ashenzari
Cheibriados
Dithmenos
Elyvilon
Fedhas
Gozag
Hepliaklqana
Kikubaaqudgha
Makhleb
Nemelex Xobeh
Okawaru
Qazlal
Ru
Sif Muna
Trog
Uskayaw
Vehumet
Xom
Yredelemnul
Zin
The Shining One

Shops:
D:5 *   D:8 (::


Innate Abilities, Weirdness & Mutations

You reflexively headbutt those who attack you in melee.
You have a pair of horns on your head.


Message History

The orc priest is lightly wounded.
Your shield and ring mail prevent you from hitting the bullfrog skeleton.
You hit the orc warrior but do no damage.
The orc priest invokes the aid of Beogh against you.
Beogh smites you!
You block the bullfrog skeleton's attack.
The orc warrior hits you with a +0 glaive!
* * * LOW HITPOINT WARNING * * *
You hit the orc priest. You burn the orc priest.
The orc priest is severely wounded.
You slice the bullfrog skeleton!! You burn the bullfrog skeleton!
You destroy the bullfrog skeleton!
Trog accepts your kill.
You closely miss the orc warrior.
The orc priest invokes the aid of Beogh against you.
Beogh smites you!
* * * LOW HITPOINT WARNING * * *
You feel better.
The orc warrior hits you with a +0 glaive!!
You die...

#. ..≈≈## #.
#.o... #.
#.≈≈##
#.####o≈≈.#
#......≈≈)+###
#......≈8≈≈≈≈≈
#..)o..8≈≈≈≈≈≈
#..@o.........
#.............
#.............
#.............
#..#########...
#..# #..# #..#
#..# #..# #..#
#..# #..#


You could see an orc warrior, an orc priest and 2 orcs.

Vanquished Creatures
  Gastronok (D:9)
  2 two-headed ogres (D:8)
  Pikel (D:8)
  A gargoyle (D:7)
  4 kobold demonologists (D:8)
  2 hippogriffs (D:7)
  A wraith (D:8)
  Eustachio (D:4)
  2 ice beasts
  3 sky beasts
  2 phantoms
  A necrophage (D:8)
  3 ogres
  3 centaurs
  3 big kobolds (D:8)
  Blork the orc (D:5)
  2 bullfrogs (D:7)
  A gnoll sergeant (D:7)
  4 water moccasin zombies (Ossuary)
  An elf skeleton (D:8)
  A scorpion (D:7)
  4 wights (D:8)
  15 killer bees
  3 jellies
  3 howler monkeys
  2 crimson imps
  2 centaur zombies (D:7)
  3 bullfrog skeletons
  6 hounds
  A gnoll shaman (D:6)
  8 human zombies (D:8)
  An iguana (D:7)
  4 orc wizards
  4 worker ants
  3 big kobold zombies (Ossuary)
  2 mummies (Ossuary)
  2 hound skeletons
  Robin (D:2)
  2 worker ant zombies
  18 gnolls
  6 adders
  A howler monkey skeleton (D:4)
  A shadow imp (D:5)
  An ooze (D:3)
  5 adder zombies
  A worm (D:2)
  2 dart slugs
  10 leopard geckos
  24 orcs
  6 giant cockroaches
  2 gnoll zombies (Ossuary)
  19 goblins
  3 hobgoblins
  9 jackals
  5 quokkas
  3 bats (D:1)
  6 frilled lizards
  11 hobgoblin zombies
  A jackal zombie (D:3)
  9 kobolds
  5 kobold zombies (Ossuary)
  A leopard gecko zombie (D:5)
  4 orc zombies
  A quokka skeleton (D:6)
  6 rats
  A plant (Temple)
267 creatures vanquished.

Vanquished Creatures (others)
  A steam dragon (D:8)
  A slave (D:8)
  A crimson imp (D:8)
3 creatures vanquished.

Grand Total: 270 creatures vanquished

Notes
Turn   | Place    | Note
-------+----------+-------------------------------------------
     0 | D:1      | Kaiern the Minotaur Berserker began the quest for the Orb.
     0 | D:1      | Reached XP level 1. HP: 19/19 MP: 0/0
   210 | D:1      | Reached XP level 2. HP: 27/27 MP: 1/1
   480 | D:1      | Reached skill level 4 in Axes
   758 | D:1      | Reached XP level 3. HP: 34/34 MP: 2/2
   967 | D:2      | Reached ** piety under Trog
  1134 | D:2      | Reached XP level 4. HP: 28/41 MP: 3/3
  1309 | D:2      | You fall into a shaft and drop 2 floors!
  1319 | D:4      | Reached skill level 5 in Fighting
  1396 | D:4      | Reached skill level 5 in Axes
  1396 | D:4      | Reached XP level 5. HP: 46/48 MP: 4/4
  1640 | D:2      | Noticed Robin
  1647 | D:2      | Killed Robin
  1648 | D:2      | Reached XP level 6. HP: 54/56 MP: 5/5
  1857 | D:2      | Found a shadowy altar of Dithmenos.
  2284 | D:3      | Reached *** piety under Trog
  2753 | D:4      | Noticed Eustachio
  2766 | D:5      | Entered Level 5 of the Dungeon
  2770 | D:5      | Noticed Blork the orc
  2771 | D:5      | Reached skill level 6 in Axes
  2775 | D:5      | Killed Blork the orc
  2775 | D:5      | Reached skill level 1 in Shields
  2780 | D:5      | Found a basalt altar of Yredelemnul.
  3058 | D:5      | Found Beoxerch's Assorted Antiques.
  3081 | D:5      | Bought a heavily runed granite ring for 150 gold pieces
  3083 | D:5      | Identified the ring of Uskayaw's Esteem {+Fly rPois MP-9
                  | SInv Stlth+} (You bought it in a shop on level 5 of the
                  | Dungeon)
  3149 | D:5      | Reached XP level 7. HP: 51/62 MP: 0/6
  3288 | D:5      | Reached skill level 7 in Axes
  3702 | D:4      | Found a sparkling altar of Nemelex Xobeh.
  3702 | D:4      | Found a radiant altar of Vehumet.
  3704 | D:4      | Found a blossoming altar of Fedhas.
  3759 | D:4      | Found a sacrificial altar of Ru.
  3790 | D:4      | Killed Eustachio
  4013 | D:4      | Found a staircase to the Ecumenical Temple.
  4019 | Temple   | Entered the Ecumenical Temple
  4179 | D:4      | Reached skill level 5 in Armour
  4672 | D:6      | Reached **** piety under Trog
  4709 | D:6      | Found a sand-covered staircase.
  4723 | Ossuary  | Entered an ossuary
  4750 | Ossuary  | Reached XP level 8. HP: 65/70 MP: 0/7
  4857 | Ossuary  | Reached skill level 8 in Axes
  4954 | Ossuary  | Reached skill level 5 in Shields
  5071 | D:6      | Reached ***** piety under Trog
  5553 | D:6      | Got a scintillating marble ring
  5554 | D:6      | Identified the ring of the Postmodern Wishes {rC++ Str+6
                  | Dex+6 Slay-3} (You found it on level 6 of the Dungeon)
  5762 | D:6      | Reached skill level 9 in Axes
  5985 | D:7      | Received a gift from Trog
  6268 | D:7      | Found a hazy altar of Hepliaklqana.
  6353 | D:7      | Noticed a gargoyle
  6360 | D:7      | Killed a gargoyle
  6360 | D:7      | Reached XP level 9. HP: 78/78 MP: 0/8
  6386 | D:7      | Reached skill level 10 in Axes
  6514 | D:7      | Found a shimmering altar of Xom.
  6515 | D:7      | Found a shattered altar of Ashenzari.
  6898 | D:7      | Found a shimmering altar of Xom.
  7021 | D:7      | Reached skill level 11 in Axes
  7723 | D:8      | Found Koicryqu's Book Boutique.
  7723 | D:8      | Noticed a two-headed ogre
  7727 | D:8      | Killed a two-headed ogre
  7727 | D:8      | Reached XP level 10. HP: 39/88 MP: 0/9
  8154 | D:8      | Reached skill level 12 in Axes
  8194 | D:8      | Noticed Pikel
  8203 | D:8      | Killed Pikel
  8203 | D:8      | Reached skill level 1 in Throwing
  8330 | D:8      | Found a burning altar of Makhleb.
  8343 | D:8      | Found Pozxobb's Antique Weapon Shoppe.
  8472 | D:8      | Found Zeghuit's Weapon Shop.
  8534 | D:8      | Noticed a two-headed ogre
  8545 | D:8      | Killed a two-headed ogre
  8545 | D:8      | Reached skill level 13 in Axes
  8686 | D:8      | Found a glowing golden altar of the Shining One.
  8743 | D:8      | Found Fiug's Book Boutique.
  8850 | D:8      | Noticed a smoke demon
  8851 | D:8      | Noticed a soul eater
  9085 | D:8      | Found an ancient bone altar of Kikubaaqudgha.
  9102 | D:8      | Reached XP level 11. HP: 97/99 MP: 1/10
  9113 | D:8      | Received a gift from Trog
  9202 | D:9      | Noticed Gastronok
  9219 | D:9      | Killed Gastronok
  9219 | D:9      | Reached skill level 10 in Fighting
  9219 | D:9      | Reached skill level 14 in Axes
  9718 | D:9      | Slain by an orc warrior

Illustrated notes

Levels and vault maps discovered:
D:1:      scummos_arrival_star, layout_loops_cross
D:2:      layout_basic, nicolae_dithmenos_through_a_glass_darkly, uniq_robin
D:3:      layout_rooms
D:4:      layout_cave_pools, grunt_temple_overflow_open, kennysheep_mini,
          minmay_temple_entry_slanted, first_ration, uniq_eustachio
D:5:      layout_gridville, nicolae_overflow_crystal_walls, serial_shops,
          nicolae_shop_overgrown_old_shop, uniq_blork_the_orc
D:6:      layout_rooms, enter_ossuary_3
D:7:      layout_loops_corners, gammafunk_temple_overflow_statue,
          kennysheep_little_box, basic_altar
D:8:      layout_rooms, lemuel_mausoleum_altar_kikubaaqudgha,
          lemuel_round_altar, serial_shops, shop, kennysheep_mini_moat, shop,
          shop, nicolae_tso_swordbearing_angel, uniq_pikel
D:9:      layout_long_grid, lemuel_doored_altar, erik_orc_2, uniq_gastronok
Temple:   cyrus_temple_forest

Skill      XL: |  1  2  3  4  5  6  7  8  9 10 11 |
---------------+----------------------------------+-----
Fighting       | 4 5 6 8 9 10 | 10.0
Axes           | 4 5 6 7 9 11 13 14 | 14.4
Dodging        | 3 |  3.5
Armour         | 3 4 5 6 7 |  7.0
Shields        | 2 4 6 8 |  8.0
Throwing       | 3 4 |  4.1

Action                   |  1- 3 |  4- 6 |  7- 9 | 10-12 || total
-------------------------+-------+-------+-------+-------++-------
Melee: Hand axe          |    49 |   124 |   264 |       ||   437
       Headbutt          |     5 |    25 |    77 |    52 ||   159
       Broad axe         |       |       |    87 |   144 ||   231
Throw: Boomerang         |    24 |    63 |    43 |    46 ||   176
Invok: Berserk           |       |       |     2 |       ||     2
  Use: Scroll            |       |    10 |     7 |     1 ||    18
       Potion            |       |       |       |     1 ||     1
 Stab: Sleeping          |     1 |       |     1 |     6 ||     8
  Eat: Chunk             |     1 |     6 |     8 |     2 ||    17
       Ration            |       |       |     3 |     1 ||     4
Armor: Animal skin       |     9 |       |       |       ||     9
       Leather armour    |     5 |       |       |       ||     5
       Ring mail         |       |    36 |    94 |    16 ||   146
Dodge: Dodged            |    38 |    61 |   113 |    37 ||   249
Block: Kite shield       |       |    19 |   166 |    65 ||   250
       Reflection        |       |     1 |     4 |     6 ||    11
